 Dungeon Crawl Stone Soup version 0.18.1-5-g4a78601 (webtiles) character file.

81 oplop the Chiller (level 4, -2/28 HPs)
             Began as an Octopode Ice Elementalist on May 13, 2016.
             Slain by an orc warrior
             ... wielding a +0 flail of draining
              (23 damage)
             ... on level 2 of the Dungeon.
             The game lasted 00:03:16 (2214 turns).

oplop the Chiller (Octopode Ice Elementalist)       Turns: 2214, Time: 00:03:16

Health: -2/28      AC:  1    Str:  8    XL:     4   Next: 40%
Magic:  8/8        EV: 12    Int: 17    God:
Gold:   92         SH:  0    Dex: 12    Spells: 2 memorised, 5 levels left

rFire  . . .     SeeInvis .     l - +1 dagger (drain)
rCold  . . .     Gourm    .     (no shield)
rNeg   . . .     Faith    .     (helmet restricted)
rPois  .         Spirit   .     (no amulet)
rElec  .         Dismiss  .     h - ring of resist corrosion
rCorr  +         Reflect  .     (no ring)
SustAt .         Harm     .     (no ring)
MR     .....                    (no ring)
Stlth  +++.......               (no ring)
                                (no ring)
                                (no ring)
                                (no ring)

@: drained, not resistant to hostile enchantments, fairly stealthy
A: almost no armour, amphibious, 8 rings, constrict 8, camouflage 1, gelatinous
body 1
a: no special abilities


You were on level 2 of the Dungeon.
You were not hungry.

You visited 1 branch of the dungeon, and saw 2 of its levels.

You collected 92 gold pieces.

Inventory:

Hand Weapons
 l - a +1 dagger of draining (weapon)
Jewellery
 h - a ring of resist corrosion (left tentacle)
 v - a +5 amulet of reflection {unknown}
Scrolls
 e - a scroll of noise {unknown}
 f - a scroll of teleportation {unknown}
 g - a scroll of recharging {unknown}
 n - 2 scrolls of identify {unknown}
 o - a scroll of enchant weapon {unknown}
 t - a scroll of fear {unknown}
 u - a scroll of random uselessness {unknown}
Potions
 c - a potion of curing {unknown}
 d - 2 potions of brilliance {unknown}
 i - a potion of lignification {unknown}
 k - 2 potions of berserk rage {unknown}
 m - a potion of heal wounds {unknown}
 q - 2 potions of flight {unknown}
 w - a potion of agility {unknown}
Books
 a - a book of Frost

   Spells                             Type                      Level
   a - Freeze                         Ice                          1
   b - Throw Frost                    Conjuration/Ice              2
   c - Ozocubu's Armour               Charms/Ice                   3
   d - Throw Icicle                   Conjuration/Ice              4
   e - Summon Ice Beast               Ice/Summoning                4
 s - a book of Party Tricks

   Spells                             Type                      Level
   a - Summon Butterflies             Summoning                    1
   b - Apportation                    Translocation                1
   c - Tukima's Dance                 Hexes                        3
   d - Alistair's Intoxication        Transmutation/Poison         5
   e - Invisibility                   Hexes                        6
Comestibles
 b - 2 bread rations
 j - a slice of pizza
 p - a beef jerky
 r - a royal jelly


   Skills:
 + Level 1.4(1.1) Fighting
 - Level 2.0(1.7) Dodging
 - Level 2.6(2.4) Stealth
 * Level 2.9(2.6) Spellcasting
 - Level 1.0(0.7) Conjurations
 * Level 4.0(3.8) Ice Magic


You had 5 spell levels left.
You knew the following spells:

 Your Spells              Type           Power        Failure   Level  Hunger
a - Freeze                Ice            ###.         4%          1    #......
b - Throw Frost           Conj/Ice       ##....       14%         2    ##.....


Dungeon Overview and Level Annotations

Branches:
Dungeon (2/15)

Altars:


Innate Abilities, Weirdness & Mutations

You cannot wear most types of armour.
You are amphibious.
You can wear up to eight rings at the same time.
You can use your tentacles to constrict eight enemies at once.
Your skin changes colour to match your surroundings (Stealth).
Your rubbery body absorbs attacks (AC +1).


Message History

There are monsters nearby!
There is a stone staircase leading up here.
The kobold hits you.
You climb upwards.
There is a stone staircase leading down here.
A kobold is nearby!
You hit the kobold but do no damage. You drain the kobold!
You kill the kobold!
No target in view!
No target in view!
You climb downwards.
The kobold completely misses you.
There is a stone staircase leading up here.
(D) Dungeon
Where to? (Enter - D:1 @ (x,y), ? - help)
Okay, then.
The orc warrior hits you with a flail of draining.
You feel drained.
The orc warrior hits you with a flail of draining!!
Ouch! That really hurt!
You die...

#.................#............
#.................#.##.........
#..............................
##..................#####......#
##...................# #...####
....................## ##..####
.............##......# #..#...
.............##......### #....##
..............Ko@......###...#
.............##..##.##.....#.####
...#.#..##..###.###..............
...#.#..#..## #.# #.####.........
...#......## #.# #.###..#.......
........### ##.###.#...#........
#....<.## ###..#[......†........
#.##..## #......#..............
#.##..# ###.#.####..............


You could see an orc warrior and a kobold.

Vanquished Creatures
  2 adders (D:2)
  2 worms (D:2)
  3 giant geckos
  3 giant cockroaches (D:2)
  6 goblins
  9 hobgoblins
  6 jackals (D:1)
  A ball python (D:1)
  6 bats
  4 giant newts
  2 kobolds (D:1)
  8 rats
52 creatures vanquished.

Notes
Turn   | Place    | Note
--------------------------------------------------------------
     0 | D:1      | oplop the Octopode Ice Elementalist began the quest for the Orb.
     0 | D:1      | Reached XP level 1. HP: 11/11 MP: 3/3
   141 | D:1      | Reached XP level 2. HP: 4/17 MP: 1/5
   987 | D:1      | Reached XP level 3. HP: 16/22 MP: 4/6
  1701 | D:2      | Learned a level 2 spell: Throw Frost
  1728 | D:2      | Reached skill level 1 in Fighting
  1728 | D:2      | Reached XP level 4. HP: 13/28 MP: 1/8
  2035 | D:2      | Reached skill level 4 in Ice Magic
  2163 | D:2      | Noticed an orc warrior
  2214 | D:2      | Slain by an orc warrior

Skill      XL: |  1  2  3  4 |
---------------+-------------+-----
Fighting       | 1 |  1.4
Ice Magic      | 4 |  4.0
Dodging        | |  2.0
Stealth        | |  2.6
Spellcasting   | |  2.9
Conjurations   | |  1.0

Action                   |  1- 3 |  4- 6 || total
-------------------------+-------+-------++-------
Melee: Unarmed           |    55 |       ||    55
       Tentacles         |    12 |     2 ||    14
       Constrict         |    24 |     5 ||    29
       Dagger            |    24 |    25 ||    49
 Cast: Freeze            |    18 |     2 ||    20
       Throw Frost       |     3 |       ||     3
 Stab: Sleeping          |     7 |     2 ||     9
  Eat: Chunk             |     2 |     2 ||     4
Armor: Skin              |    11 |     1 ||    12
Dodge: Dodged            |    45 |    14 ||    59
